 Dungeon Crawl Stone Soup version 0.14-a0-1590-g25a9b7f (webtiles) character file.

108 M4edhros the Insei (level 3, -2/23 HPs)
             Began as an Octopode Transmuter on Dec 23, 2013.
             Killed from afar by Terence (5 damage)
             ... with a wand of magic darts
             ... on Level 2 of the Dungeon.
             The game lasted 00:01:33 (1279 turns).

M4edhros the Insei (Octopode Transmuter)            Turns: 1279, Time: 00:01:33

HP  -2/23        AC  1     Str  9      XL: 3   Next: 62%
MP   5/6         EV 13     Int 16      God:
Gold 64          SH  0     Dex 12      Spells:  1 memorised,  5 levels left

rFire  . . .     SeeInvis .       - Unarmed
rCold  . . .     Clarity  .     (no shield)
rNeg   . . .     Conserve .     (helmet restricted)
rPois  .         rCorr    .     (no amulet)
rElec  .         rRot     .     e - ring of teleport control
SustAb . .       Spirit   .     (no ring)
rMut   .         Warding  .     (no ring)
Saprov . . .     Stasis   .     (no ring)
                                (no ring)
                                (no ring)
                                (no ring)
                                (no ring)

@: appendage, very slightly contaminated, hasted, very quick, not resistant to
hostile enchantments, fairly stealthy
A: almost no armour, amphibious, 8 rings, constrict 8, spike 3, camouflage 1,
gelatinous body 1
a: End Transformation, Evoke Teleport Control


You were on level 2 of the Dungeon.
You were not hungry.
One of your tentacles had a temporary spike.
You visited 1 branch of the dungeon, and saw 2 of its levels.

You collected 64 gold pieces.

Inventory:

Missiles
 b - 12 arrows
Comestibles
 a - a bread ration
 c - a choko
 k - a banana
 m - 3 lemons
 o - an orange
 p - an apple
Scrolls
 f - a scroll of curse weapon {unknown}
 g - 2 scrolls of identify {unknown}
Jewellery
 e - a ring of teleport control (left tentacle)
Books
 d - a book of Changes

   Spells                             Type                      Level
   *Beastly Appendage                 Transmutation                1
   Sticks to Snakes                   Transmutation                2
   Spider Form                        Transmutation/Poison         3
   Ice Form                           Ice/Transmutation            4
   Blade Hands                        Transmutation                5


   Skills:
 - Level 1.0 Fighting
 + Level 2.8 Dodging
 + Level 3.4 Unarmed Combat
 - Level 2.0 Spellcasting
 + Level 2.7 Transmutations


You had 5 spell levels left.
You knew the following spells:

 Your Spells              Type           Power        Failure   Level  Hunger
a - Beastly Appendage     Trmt           ##....       10%         1    #......


Dungeon Overview and Level Annotations

Branches:
Dungeon (2/16)

Altars:

Annotations:
D:2 Terence


Innate Abilities, Weirdness & Mutations

You cannot wear most types of armour.
You are amphibious.
You can wear up to eight rings at the same time.
You can use your tentacles to constrict many enemies at once.
Your skin changes colour to match your surroundings (Stlth).
Your rubbery body absorbs attacks (AC +1).
One of your tentacles bears a large vicious spike.


Message History

You feel much better.
It was a potion of heal wounds.
Terence zaps a wand.
The magic dart hits you!
Casting: Beastly Appendage
Confirm with . or Enter, or press ? or * to list all spells.
One of your tentacles grows a vicious spike.
Terence zaps a wand.
The magic dart hits you!
You hit Terence but do no damage. Your grab misses Terence.
Your squeeze misses Terence. You closely miss Terence.
Your grab misses Terence.
Terence zaps a wand.
The magic dart hits you!
* * * LOW HITPOINT WARNING * * *
Unknown command.
You hit Terence but do no damage. Your grab misses Terence.
Your squeeze misses Terence.
Unknown command.
You hit Terence. You grab Terence.
Terence is lightly wounded.
You constrict Terence, but do no damage.
Terence zaps a wand.
The magic dart hits you!
You die...

##########.##
#§@K§§§§.K...
#@########...
#.# #.# #.#
#.# #.# #.#
#.# #.#


You could see Terence and a kobold.

Vanquished Creatures
  An adder (D:2)
  2 giant geckos (D:1)
  5 bats
  5 goblins (D:1)
  2 hobgoblins (D:1)
  2 jackals (D:1)
  6 giant cockroaches
  4 giant newts
  4 kobolds
31 creatures vanquished.

Notes
Turn   | Place    | Note
--------------------------------------------------------------
     0 | D:1      | M4edhros, the Octopode Transmuter, began the quest for the Orb.
     0 | D:1      | Reached XP level 1. HP: 13/13 MP: 3/3
    60 | D:1      | Reached XP level 2. HP: 5/18 MP: 2/4
   672 | D:1      | Reached XP level 3. HP: 19/23 MP: 4/6
  1263 | D:2      | Noticed Terence
  1279 | D:2      | Killed from afar by Terence

Action                   || total
-------------------------++-------
Melee: Unarmed           ||    72
 Cast: Beastly Appendage ||    12
  Use: Potion            ||     3
       Scroll            ||     2
 Stab: Sleeping          ||     1
